NYP
EVERETT AQUASOX @ VERMONT LAKE MONSTERS
05/25/2048
 
TOP OF THE 1ST
Everett AquaSox batting - Pitching for Vermont Lake Monsters : RHP Zach Monlux
Pitching: RHP Zach Monlux
Batting: SHB Tony Morales 0-0: Ball
1-0: Ball
2-0: Ground out 4-3 (Groundball, 4, EV 86.2 MPH)
Batting: RHB Eddie Luna 0-0: Called Strike
0-1: Foul Ball, location: 2F
0-2: Foul Ball, location: 2F
0-2: Ball
1-2: Ball
2-2: Strikes out swinging
Batting: RHB Marco Diaz 0-0: Ground out 4-3 (Groundball, 4, EV 81.2 MPH)
Top of the 1st over - 0 runs, 0 hits, 0 errors, 0 left on base; Everett 0 - Vermont 0
BOTTOM OF THE 1ST
Vermont Lake Monsters batting - Pitching for Everett AquaSox : RHP Kevin Stodart
Pitching: RHP Kevin Stodart
Batting: RHB Josh Mauer 0-0: Ball
1-0: Ball
2-0: Ball
3-0: Base on Balls
Batting: RHB Chris Temple 0-0: Called Strike
0-1: Ball
Josh Mauer steals 2nd base
1-1: Ball
2-1: Ball
3-1: Ground out 6-3 (Groundball, 6M, EV 81.9 MPH)
Josh Mauer to third
Batting: RHB Zachary Anderson 0-0: Ground out 6-3 (Groundball, 56, EV 101.9 MPH)
Josh Mauer scores
Batting: LHB Brian Puccio 0-0: Ball
1-0: Ball
2-0: Foul Ball, location: 2F
2-1: Ground out 5-3 (Groundball, 56S, EV 70.6 MPH)
Bottom of the 1st over - 1 run, 0 hits, 0 errors, 0 left on base; Everett 0 - Vermont 1
TOP OF THE 2ND
Everett AquaSox batting - Pitching for Vermont Lake Monsters : RHP Zach Monlux
Batting: LHB Chris Jackson 0-0: Ball
1-0: Ball
2-0: Called Strike
2-1: Foul Ball, location: 2F
2-2: Strikes out swinging
Batting: LHB William Gonzales 0-0: Ball
1-0: Swinging Strike
1-1: Ball
2-1: Fly out, F9 (Flyball, 9S, EV 86.9 MPH)
Batting: RHB Jose Zuniga 0-0: Ball
1-0: Fly out, F8 (Flyball, 89M, EV 79.4 MPH)
Top of the 2nd over - 0 runs, 0 hits, 0 errors, 0 left on base; Everett 0 - Vermont 1
BOTTOM OF THE 2ND
Vermont Lake Monsters batting - Pitching for Everett AquaSox : RHP Kevin Stodart
Batting: LHB Ed Talamantes 0-0: Foul Ball, location: 2F
0-1: Ball
1-1: Foul Ball, location: 2F
1-2: Fly out, F9 (Flyball, 9S, EV 97.5 MPH)
Batting: RHB Chris Prinzing 0-0: Ball
1-0: Called Strike
1-1: Ball
2-1: Ball
3-1: Base on Balls
Batting: SHB Steve Salafia 0-0: Called Strike
Chris Prinzing is caught stealing 2nd base 2-6
0-1: Ball
1-1: Foul Ball, location: 2F
1-2: Ball
2-2: Strikes out swinging
Bottom of the 2nd over - 0 runs, 0 hits, 0 errors, 0 left on base; Everett 0 - Vermont 1
TOP OF THE 3RD
Everett AquaSox batting - Pitching for Vermont Lake Monsters : RHP Zach Monlux
Batting: RHB Tai Joo 0-0: Ball
1-0: Called Strike
1-1: Foul Ball, location: 2F
1-2: Strikes out swinging
Batting: RHB Rob Ward 0-0: Foul Ball, location: 2F
0-1: Ball
1-1: Ball
2-1: Called Strike
2-2: Strikes out swinging
Batting: RHB James Bickel 0-0: Ball
1-0: Ball
2-0: Ball
3-0: Foul Ball, location: 2F
3-1: DOUBLE (Line Drive, 3D, EV 98.8 MPH)
Batting: SHB Tony Morales 0-0: Ball
1-0: Ball
2-0: Foul Ball, location: 2F
2-1: Ball
3-1: Swinging Strike
3-2: Foul Ball, location: 2F
3-2: Ground out 4-3 (Groundball, 4, EV 88.8 MPH)
Top of the 3rd over - 0 runs, 1 hit, 0 errors, 1 left on base; Everett 0 - Vermont 1
BOTTOM OF THE 3RD
Vermont Lake Monsters batting - Pitching for Everett AquaSox : RHP Kevin Stodart
Batting: RHB Jon Coleman 0-0: Called Strike
0-1: Foul Ball, location: 2F
0-2: Ball
1-2: Ball
2-2: Ball
3-2: Base on Balls
Batting: RHB Sean Gould 0-0: Fielders Choice at 2nd, 3-6 (Groundball, 3S, EV 94.4 MPH)
Batting: RHB Josh Mauer 0-0: Ball
1-0: Ground out 6-3 (Groundball, P, EV 87.5 MPH)
Sean Gould to second
Batting: RHB Chris Temple 0-0: Ball
1-0: Ball
2-0: Called Strike
2-1: Ball
3-1: Foul Ball, location: 2F
3-2: Base on Balls
Batting: RHB Zachary Anderson 0-0: Foul Ball, location: 2F
0-1: Fielders Choice at 2nd, 6-4 (Groundball, 6, EV 108.1 MPH)
Bottom of the 3rd over - 0 runs, 0 hits, 0 errors, 2 left on base; Everett 0 - Vermont 1
TOP OF THE 4TH
Everett AquaSox batting - Pitching for Vermont Lake Monsters : RHP Zach Monlux
Batting: RHB Eddie Luna 0-0: Foul Ball, location: 2F
0-1: Ball
1-1: Ball
2-1: Swinging Strike
2-2: Strikes out swinging
Batting: RHB Marco Diaz 0-0: Foul Ball, location: 2F
0-1: Ball
1-1: Foul Ball, location: 2F
1-2: Ground out 6-3 (Groundball, 6M, EV 78.8 MPH)
Batting: LHB Chris Jackson 0-0: Ball
1-0: Ball
2-0: Fly out, F9 (Flyball, 9LMF, EV 105.0 MPH)
Top of the 4th over - 0 runs, 0 hits, 0 errors, 0 left on base; Everett 0 - Vermont 1
BOTTOM OF THE 4TH
Vermont Lake Monsters batting - Pitching for Everett AquaSox : RHP Kevin Stodart
Batting: LHB Brian Puccio 0-0: Ball
1-0: Called Strike
1-1: Ball
2-1: Fly out, F9 (Flyball, 89S, EV 78.1 MPH)
Batting: LHB Ed Talamantes 0-0: Ball
1-0: Called Strike
1-1: Ball
2-1: Ball
3-1: Base on Balls
Batting: RHB Chris Prinzing 0-0: Ball
Ed Talamantes is caught stealing 2nd base 2-4
1-0: Ball
2-0: Called Strike
2-1: Ball
3-1: Base on Balls
Batting: SHB Steve Salafia 0-0: Ball
1-0: Fielders Choice at 2nd, 6-4 (Groundball, 6, EV 86.2 MPH)
Bottom of the 4th over - 0 runs, 0 hits, 0 errors, 1 left on base; Everett 0 - Vermont 1
TOP OF THE 5TH
Everett AquaSox batting - Pitching for Vermont Lake Monsters : RHP Zach Monlux
Batting: LHB William Gonzales 0-0: Called Strike
0-1: Called Strike
0-2: Ball
1-2: Ball
2-2: Ball
3-2: Strikes out swinging
Batting: RHB Jose Zuniga 0-0: Ball
1-0: Ball
2-0: Foul Ball, location: 2F
2-1: SOLO HOME RUN (Line Drive, 7LD, EV 95.0 MPH), Distance : 347 ft
Batting: RHB Tai Joo 0-0: Called Strike
0-1: Ball
1-1: Called Strike
1-2: Foul Ball, location: 2F
1-2: DOUBLE (Line Drive, 9LM, EV 93.1 MPH)
Batting: RHB Rob Ward 0-0: Ball
1-0: Ball
2-0: Ball
3-0: Called Strike
3-1: Ground out 1-3 (Groundball, 34S, EV 74.4 MPH)
Tai Joo to third
Batting: RHB James Bickel 0-0: Swinging Strike
0-1: Ball
1-1: Foul Ball, location: 2F
1-2: Strikes out swinging
Top of the 5th over - 1 run, 2 hits, 0 errors, 1 left on base; Everett 1 - Vermont 1
BOTTOM OF THE 5TH
Vermont Lake Monsters batting - Pitching for Everett AquaSox : RHP Kevin Stodart
Batting: RHB Jon Coleman 0-0: Ball
1-0: Ball
2-0: Fly out, F8 (Flyball, 8RXD, EV 100.6 MPH)
Batting: RHB Sean Gould 0-0: Ball
1-0: Ball
2-0: Ball
3-0: Base on Balls
Batting: RHB Josh Mauer 0-0: Ball
Sean Gould is caught stealing 2nd base 2-4
1-0: Called Strike
1-1: SINGLE (Line Drive, 4MD, EV 104.4 MPH)
Batting: RHB Chris Temple 0-0: Ball
1-0: Fly out, F8 (Flyball, 8LD, EV 95.6 MPH)
Bottom of the 5th over - 0 runs, 1 hit, 0 errors, 1 left on base; Everett 1 - Vermont 1
TOP OF THE 6TH
Everett AquaSox batting - Pitching for Vermont Lake Monsters : RHP Zach Monlux
Batting: SHB Tony Morales 0-0: Ball
1-0: Ball
2-0: Ball
3-0: Base on Balls
Batting: RHB Eddie Luna 0-0: Ball
Tony Morales steals 2nd base
1-0: Called Strike
1-1: Foul Ball, location: 2F
1-2: Foul Ball, location: 2F
1-2: Foul Ball, location: 2F
1-2: Strikes out swinging
Batting: RHB Marco Diaz 0-0: Ball
1-0: Foul Ball, location: 2F
1-1: Ball
Tony Morales steals 3rd base
2-1: Foul Ball, location: 2F
2-2: Ball
3-2: Foul Ball, location: 2F
3-2: Foul Ball, location: 2F
3-2: SINGLE (Groundball, 4MD, EV 110.0 MPH)
Tony Morales scores
Batting: LHB Chris Jackson 0-0: Foul Ball, location: 2F
0-1: Foul Ball, location: 2F
0-2: Ball
1-2: Strikes out swinging
Pitching: RHP Pedro Taveras
Batting: LHB William Gonzales 0-0: Ball
1-0: Hit by Pitch
Marco Diaz to second
Batting: RHB Jose Zuniga 0-0: Foul Ball, location: 2F
0-1: Foul Ball, location: 2F
0-2: Ball
1-2: Strikes out swinging
Top of the 6th over - 1 run, 1 hit, 0 errors, 2 left on base; Everett 2 - Vermont 1
BOTTOM OF THE 6TH
Vermont Lake Monsters batting - Pitching for Everett AquaSox : RHP Kevin Stodart
Pitching: RHP Dan Johnson
Batting: RHB Zachary Anderson 0-0: Ball
1-0: Called Strike
1-1: SINGLE (Groundball, 4M, EV 103.1 MPH) (infield hit)
Batting: LHB Brian Puccio 0-0: Called Strike
0-1: SINGLE (Line Drive, 8RS, EV 96.9 MPH)
Zachary Anderson to second
Batting: LHB Ed Talamantes 0-0: Ball
1-0: Foul Ball, location: 2F
1-1: Called Strike
1-2: Foul Ball, location: 2F
1-2: Fly out, F4 (Popup, 4, EV 57.5 MPH)
Pinch Hitting: LHB Nate Melendez 0-0: Ball
1-0: Swinging Strike
1-1: Fly out, F7 (Flyball, 7LM, EV 84.4 MPH)
Batting: SHB Steve Salafia 0-0: Called Strike
0-1: Foul Ball, location: 2F
0-2: DOUBLE (Line Drive, 89D, EV 105.6 MPH)
Zachary Anderson scores
Brian Puccio to third
Runner from 3rd tries for Home, SAFE, no throw by CF
Batting: RHB Jon Coleman 0-0: Ball
1-0: Ball
2-0: Ball
3-0: Base on Balls
Batting: RHB Sean Gould 0-0: Swinging Strike
0-1: Ball
1-1: Ball
2-1: Ball
3-1: Foul Ball, location: 2F
3-2: Foul Ball, location: 2F
3-2: Base on Balls
Steve Salafia to third
Jon Coleman to second
Batting: RHB Josh Mauer 0-0: Ball
1-0: Called Strike
1-1: Called Strike
1-2: Ball
2-2: Foul Ball, location: 2F
2-2: SINGLE (Flyball, 89S, EV 93.8 MPH)
Steve Salafia scores
Jon Coleman to third
Sean Gould to second
Pitching: RHP Jamie Johnston
Batting: RHB Chris Temple 0-0: Called Strike
0-1: Called Strike
0-2: Ball
1-2: Hit by Pitch
Jon Coleman scores
Sean Gould to third
Josh Mauer to second
Pinch Runner at 1st Igor Ciobanu:
Batting: RHB Zachary Anderson 0-0: Ground out 1-3 (Groundball, 13, EV 71.9 MPH)
Bottom of the 6th over - 4 runs, 4 hits, 0 errors, 3 left on base; Everett 2 - Vermont 5
TOP OF THE 7TH
Everett AquaSox batting - Pitching for Vermont Lake Monsters : RHP Pedro Taveras
Now at SS: Jake Leffel
Batting: RHB Tai Joo 0-0: Called Strike
0-1: Ball
1-1: Ball
2-1: Foul Ball, location: 2F
2-2: Foul Ball, location: 2F
2-2: Hit by Pitch
Batting: RHB Rob Ward 0-0: Called Strike
0-1: Ball
1-1: Foul Ball, location: 2F
1-2: Strikes out swinging
Batting: RHB James Bickel 0-0: Ground out 4-3 (Groundball, 34, EV 86.9 MPH)
Tai Joo to second
Batting: SHB Tony Morales 0-0: Called Strike
0-1: Ball
1-1: Foul Ball, location: 2F
1-2: Strikes out swinging
Top of the 7th over - 0 runs, 0 hits, 0 errors, 1 left on base; Everett 2 - Vermont 5
BOTTOM OF THE 7TH
Vermont Lake Monsters batting - Pitching for Everett AquaSox : RHP Jamie Johnston
Batting: LHB Brian Puccio 0-0: Called Strike
0-1: Called Strike
0-2: Ball
1-2: Ball
2-2: Ball
3-2: Base on Balls
Batting: LHB Ed Talamantes 0-0: SINGLE (Groundball, 34D, EV 98.8 MPH) (infield hit)
Brian Puccio to second
Batting: RHB Jake Leffel 0-0: Swinging Strike
0-1: Fielders Choice at 2nd, 6-4 (Groundball, 6, EV 90.6 MPH)
Brian Puccio to third
Batting: SHB Steve Salafia 0-0: Ball
1-0: Called Strike
1-1: Grounds into double play, 6-4-3 (Groundball, 6, EV 91.9 MPH)
Bottom of the 7th over - 0 runs, 1 hit, 0 errors, 1 left on base; Everett 2 - Vermont 5
TOP OF THE 8TH
Everett AquaSox batting - Pitching for Vermont Lake Monsters : RHP Pedro Taveras
Now at 3B: Alberto Malagon
Batting: RHB Eddie Luna 0-0: Ball
1-0: Called Strike
1-1: Ball
2-1: Ball
3-1: Foul Ball, location: 2F
3-2: Strikes out swinging
Batting: RHB Marco Diaz 0-0: Ball
1-0: Foul Ball, location: 2F
1-1: Foul Ball, location: 2F
1-2: Foul Ball, location: 2F
1-2: Foul Ball, location: 2F
1-2: Ball
2-2: Ball
3-2: Strikes out looking
Batting: LHB Chris Jackson 0-0: Called Strike
0-1: Swinging Strike
0-2: Strikes out looking
Top of the 8th over - 0 runs, 0 hits, 0 errors, 0 left on base; Everett 2 - Vermont 5
BOTTOM OF THE 8TH
Vermont Lake Monsters batting - Pitching for Everett AquaSox : RHP Jamie Johnston
Batting: RHB Jon Coleman 0-0: Swinging Strike
0-1: DOUBLE (Line Drive, 9LM, EV 108.1 MPH)
Batting: RHB Sean Gould 0-0: Intentional Walk
Batting: RHB Josh Mauer 0-0: Foul Ball, location: 2F
0-1: Ball
1-1: Called Strike
1-2: Strikes out swinging
Batting: LHB Igor Ciobanu 0-0: Called Strike
0-1: Ball
1-1: Ball
2-1: Called Strike
2-2: Ball
3-2: Base on Balls
Jon Coleman to third
Sean Gould to second
Pitching: LHP Chris Wheeler
Batting: RHB Alberto Malagon 0-0: Ball
1-0: Ball
2-0: Called Strike
2-1: Ball
3-1: Hit by Pitch
Jon Coleman scores
Sean Gould to third
Igor Ciobanu to second
Batting: LHB Brian Puccio 0-0: Fly out, F2 (Popup, 15S, EV 90.6 MPH)
Batting: LHB Ed Talamantes 0-0: Ball
1-0: Ball
2-0: Called Strike
2-1: Ball
3-1: Base on Balls
Sean Gould scores
Igor Ciobanu to third
Alberto Malagon to second
Batting: RHB Jake Leffel 0-0: Foul Ball, location: 2F
0-1: Ball
1-1: Ball
2-1: Called Strike
2-2: Foul Ball, location: 2F
2-2: Ball
3-2: Foul Ball, location: 2F
3-2: Strikes out looking
Bottom of the 8th over - 2 runs, 1 hit, 0 errors, 3 left on base; Everett 2 - Vermont 7
TOP OF THE 9TH
Everett AquaSox batting - Pitching for Vermont Lake Monsters : RHP Pedro Taveras
Batting: LHB William Gonzales 0-0: Ball
1-0: Ball
2-0: Foul Ball, location: 2F
2-1: Foul Ball, location: 2F
2-2: Ball
3-2: Foul Ball, location: 2F
3-2: Strikes out swinging
Pitching: RHP Isaiah Felton
Batting: RHB Jose Zuniga 0-0: Called Strike
0-1: Swinging Strike
0-2: Ball
1-2: Strikes out swinging
Batting: RHB Tai Joo 0-0: Fly out, F8 (Flyball, 8RD, EV 107.5 MPH)
Top of the 9th over - 0 runs, 0 hits, 0 errors, 0 left on base; Everett 2 - Vermont 7
Tuesday, March 28th , 2023 - OOTP Baseball 23.10 Build 110